Map: Acropolis LE

Players

Gerald - Winner!

  • Race: Protoss Protoss
  • Spawn Location: 11:00

Lemon

  • Race: Zerg Zerg
  • Spawn Location: 5:00

VOD

Have the link to the VOD?

Description

Time

  • Played on: Sept. 6, 2019, 7:09 p.m.
  • Length: 5:48
Show
View Real Time Build Order
Export as new Build Order

Gerald Protoss - Winner!

Build Orders: 1 Gate Expand, Dark Templar Rush 

Get SALT Encoding   

  12  0:00  Probe  
  13  0:12  Probe  
  14  0:20  Pylon  
  14  0:24  Probe  
  15  0:29  Assimilator  
  15  0:35  Probe  
  16  0:43  Probe  
  16  0:45  Gateway  
  17  0:52  Probe  
  18  1:04  Probe  
  19  1:16  Probe  
  20  1:24  Nexus  
  20  1:29  Probe  
  21  1:36  Cybernetics Core  
  21  1:42  Probe  
  21  1:44  Assimilator  
  22  1:50  Pylon  
  22  1:56  Probe  
  23  2:02  Adept  
  23  2:08  Probe  
  26  2:16  Twilight Council  
  26  2:18  Warp Gate  
  26  2:20  Probe  
  27  2:23  Stalker  
  27  2:32  Probe  
  27  2:37  Probe  
  31  2:45  Probe  
  31  2:48  Robotics Facility  
  31  2:49  Probe  
  33  2:57  Probe  
  34  3:01  Probe  
  34  3:09  Probe  
  33  3:13  Probe  
  33  3:17  Dark Shrine  
  34  3:20  Gateway  
  34  3:21  Probe  
  34  3:25  Probe  
  36  3:32  Gateway  
  36  3:33  Gateway  
  36  3:34  Warp Prism, Probe  
  37  3:37  Probe  
  38  3:47  Probe  
  41  3:50  Probe  
  41  3:53  Pylon  
  42  3:56  Assimilator  
  42  3:58  Assimilator  
  42  3:59  Probe  
  42  4:01  Warp Prism  
  44  4:03  Pylon  
  44  4:04  Probe  
  44  4:15  Probe  
  47  4:19  Probe  
  48  4:27  Probe  
  48  4:31  Probe  
  50  4:35  Dark Templar x3  
  50  4:37  Dark Templar  
  58  4:42  Pylon  
  58  4:45  Probe  
  59  4:48  Pylon, Probe  
  61  5:05  Pylon  
  60  5:11  Dark Templar x2  
  60  5:12  Dark Templar  
  66  5:23  Probe  
  72  5:45  Gateway  
  72  5:47  Gateway x2  
Show
View Real Time Build Order
Export as new Build Order

Lemon Zerg 

Build Orders: Hatch First 

Get SALT Encoding   

  12  0:00  Drone  
  13  0:12  Overlord  
  13  0:17  Drone  
  14  0:31  Drone  
  14  0:32  Drone  
  16  0:48  Hatchery  
  15  0:51  Drone  
  15  0:55  Drone  
  17  0:58  Drone  
  18  1:09  Extractor  
  17  1:14  Spawning Pool  
  17  1:17  Drone  
  17  1:19  Drone  
  18  1:29  Drone  
  19  1:39  Drone  
  20  1:47  Hatchery  
  20  1:50  Drone  
  20  2:00  Zergling x2, Drone  
  22  2:05  Queen  
  24  2:14  Queen  
  26  2:21  Overlord  
  26  2:24  Drone  
  26  2:26  Drone  
  28  2:33  Metabolic Boost  
  28  2:41  Zergling x4  
  30  2:45  Drone x3  
  30  2:50  Queen  
  32  3:08  Spore Crawler  
  32  3:09  Overlord  
  32  3:10  Drone x4  
  36  3:18  Drone x3  
  39  3:25  Drone x3  
  42  3:29  Overlord  
  42  3:30  Drone x2  
  42  3:33  Drone  
  45  3:37  Lair  
  45  3:43  Drone x3  
  48  3:50  Roach Warren  
  48  3:52  Extractor x2  
  48  3:54  Drone x2  
  47  3:56  Drone  
  47  4:01  Zergling x2  
  47  4:02  Zergling x4  
  51  4:03  Drone x2  
  51  4:08  Overlord, Drone  
  54  4:10  Overlord  
  54  4:16  Overlord  
  54  4:19  Queen  
  56  4:30  Roach x5  
  66  4:34  Roach  
  70  4:38  Roach x2  
  70  4:42  Overseer  
  72  4:48  Roach  
  74  4:59  Drone  
  75  5:00  Drone x7  
  75  5:06  Overseer  
  82  5:11  Overlord  
  82  5:18  Extractor x2  
  78  5:24  Drone  
  78  5:25  Drone  
  78  5:42  Hatchery  
Tags
 
Add a new tag
Caveats
  • Supply blocks, unpowered buildings, or Contaminate may cause inaccurate times.
  • Supply counts are checked every 10 seconds.